 Dungeon Crawl Stone Soup version 0.27-a0-535-g7eaf864cf9 (webtiles) character file.

Game seed: 8092643338501508588

28 Morbidden the Skirmisher (level 3, 29/29 HPs)
             Began as a Demonspawn Fighter on Mar 6, 2021.
             Quit the game on level 2 of the Dungeon.
             The game lasted 00:00:59 (971 turns).

Morbidden the Skirmisher (Demonspawn Fighter)        Turns: 971, Time: 00:00:59

Health: 29/29      AC:  6    Str: 16    XL:     3   Next: 0%
Magic:  3/3        EV:  6    Int: 10    God:
Gold:   38         SH: 12    Dex: 12    Spells: 2/2 levels left

rFire    . . .     SeeInvis .   a - +0 long sword
rCold    . . .     Faith    .   c - +0 kite shield
rNeg     . . .     Spirit   .   b - +0 scale mail
rPois    .         Reflect  .   (helmet restricted)
rElec    .         Harm     .   (no cloak)
rCorr    .         Rampage  .   (no gloves)
Will     .....                  (no boots)
Stlth    ..........             (no amulet)
HPRegen  0.09/turn              (no ring)
MPRegen  0.08/turn              (no ring)

@: no status effects
A: antennae 1, large bone plates 1
a: no special abilities


You were on level 2 of the Dungeon.
You visited 1 branch of the dungeon, and saw 2 of its levels.

You collected 38 gold pieces.

Inventory:

Hand Weapons
 a - a +0 long sword (weapon)
Missiles
 h - 6 boomerangs (quivered)
Armour
 b - a +0 scale mail (worn)
 c - a +0 kite shield (worn)
Scrolls
 e - a scroll of random uselessness {unknown}
 f - 2 scrolls of magic mapping {unknown}
 g - a scroll of teleportation {unknown}
Potions
 d - a potion of might


   Skills:
 * Level 3.6 Fighting
 * Level 2.2 Long Blades
 + Level 2.7 Armour
 + Level 2.9 Shields


You had 2 spell levels left.
You didn't know any spells.
Your spell library was empty.

Dungeon Overview and Level Annotations

Branches:
Dungeon (2/15)

Altars:


Innate Abilities, Weirdness & Mutations

You have a pair of small antennae on your head.
You are partially covered in large bone plates. (SH +4)


Message History

You throw a boomerang. The boomerang hits the worm.
The worm is heavily wounded.
Unknown command.
Unknown command.
Unknown command.
You hit the worm.
The worm is heavily wounded.
You block the worm's attack.
You hit the worm.
The worm is severely wounded.
The worm bites you but does no damage.
You slash the worm!
You kill the worm!
No target in view!
No target in view!
No target in view!
Found a hunting sling.
f - 2 scrolls labelled RILUCVAESA (gained 1)
You now have 38 gold pieces (gained 6).
You see here a +0 hunting sling.
A leopard gecko comes into view.
The leopard gecko hisses angrily.
You hit the leopard gecko but do no damage.
The leopard gecko bites you but does no damage.
You block the leopard gecko's attack.
You barely miss the leopard gecko.
You block the leopard gecko's attack. x2
You barely miss the leopard gecko.
The leopard gecko bites you but does no damage.
You block the leopard gecko's attack.
You hit the leopard gecko.
The leopard gecko is heavily wounded.
The leopard gecko bites you but does no damage.
You slash the leopard gecko!
You kill the leopard gecko!
You have reached level 3!
Your experience leads to an increase in your attributes!
Increase (S)trength, (I)ntelligence, or (D)exterity?
You feel clever.
Your demonic ancestry asserts itself...
A pair of antennae grows on your head!
Are you sure you want to abandon this character and quit the game? (Confirm with "yes".)

..## #.# ...##..
≈..... #...# #...#
#.†### ##≈...#
#≈≈.#.# #≈≈@#.## .≈≈
... #≈≈.#..#
.≈≈#####.#####≈≈.#.##
..≈≈≈≈≈#.#≈≈≈≈≈..#.#
#.≈≈≈≈≈#.#≈≈≈≈≈....#
...≈≈≈≈#.#≈≈≈≈..####
.#..≈≈≈#.#≈≈≈.)###
.##...≈#.#≈......#
.####.......####.#


There were no monsters in sight!

Vanquished Creatures
  A worm (D:2)
  A dart slug (D:1)
  A leopard gecko (D:2)
  3 bats (D:1)
  2 giant cockroaches (D:1)
  2 goblins (D:1)
  6 hobgoblins (D:1)
  2 kobolds (D:1)
  A rat (D:1)
19 creatures vanquished.

Notes
Turn   | Place    | Note
-------+----------+-------------------------------------------
     0 | D:1      | Morbidden the Demonspawn Fighter began the quest for the
                  | Orb.
     0 | D:1      | Reached XP level 1. HP: 18/18 MP: 1/1
   121 | D:1      | Gained mutation: You are partially covered in large bone
                  | plates. (SH +4) [demonic ancestry]
   121 | D:1      | Reached XP level 2. HP: 21/24 MP: 2/2
   969 | D:2      | Gained mutation: You have a pair of small antennae on your
                  | head. [demonic ancestry]
   969 | D:2      | Reached XP level 3. HP: 29/29 MP: 3/3
   971 | D:2      | Quit the game

Illustrated notes

Levels and vault maps discovered:
D:1:      kennysheep_arrival_seaside, layout_basic,
          chequers_serial_rivers_micro_c, bh_walls_and_bars
D:2:      layout_rooms, grunt_decor_junction

Skill      XL: |  1 |
---------------+----+-----
Long Blades    | 2 |  2.2
Fighting       | |  3.6
Armour         | |  2.7
Shields        | |  2.9

Action                   || total
-------------------------++-------
Melee: Long sword        ||    58
Throw: Boomerang         ||     5
Armor: Scale mail        ||    25
Dodge: Dodged            ||    16
Block: Kite shield       ||    42
       Rpst.: Long sword ||     9

Table legend: (Time is in decaauts)
 A = Elapsed time spent in this place.
 B = Non-inter-level travel time spent in this place.
 C = Inter-level travel time spent in this place.
 D = Time resting spent in this place.
 E = Time spent auto-exploring this place.
 F = Levels seen in this place.
 G = Mean time per level.
                   A        B        C        D        E       F      G
               +--------+--------+--------+--------+--------+-----+--------+
         Total |   1010 |    926 |     84 |      0 |    778 |   2 |  505.0 |
       Dungeon |   1010 |    926 |     84 |      0 |    778 |   2 |  505.0 |
               +--------+--------+--------+--------+--------+-----+--------+

Top non-repeatable levels by time:
     D:1: 880 daAuts
     D:2: 129 daAuts
